 Dungeon Crawl Stone Soup version 0.28.0 (webtiles) character file.

Game seed: 14616026577305668704

85127 dolemite99 the Spry (level 15, 0/127 HPs)
             Began as a Merfolk Gladiator on Feb 6, 2022.
             Was an Initiate of Uskayaw.
             Slain by a catoblepas (3 damage)
             ... while petrified by a catoblepas
             ... on level 13 of the Dungeon.
             The game lasted 00:42:59 (29098 turns).

dolemite99 the Spry (Merfolk Gladiator)            Turns: 29098, Time: 00:42:59

Health: 0/127      AC: 25    Str: 16    XL:     15   Next: 82%
Magic:  18/24      EV:  2    Int: 16    God:    Uskayaw [......]
Gold:   339        SH:  0    Dex: 22    Spells: 14/14 levels left

rFire   + + +      SeeInvis +   a - +9 trident
rCold   + + +      Faith    .   S - +0 buckler {AC+3}
rNeg    + + +      Spirit   .   Z - +2 chain mail {rF+}
rPois   ∞          Reflect  +   k - +2 helmet {SInv}
rElec   +          Harm     .   i - scarf {rC+ rF+}
rCorr   +          Rampage  .   E - +2 pair of gloves "Rafibiuv" {Int+7 Dex+5}
Will    +....                   g - +2 pair of boots
Stlth   ..........              T - amulet of reflection
HPRegen 0.31/turn               m - ring "Neimumum" {Drain rPois rC+++ Dex-3 SInv, =R}
MPRegen 0.19/turn               e - ring of Motosient {rPois rC+}

@: resistant, petrified
A: (nimble swimmer 2), mertail
a: Renounce Religion


You were on level 13 of the Dungeon.
You worshipped Uskayaw.
Uskayaw was pleased with you.
You visited 3 branches of the dungeon, and saw 21 of its levels.
You visited 1 bazaar.
You also visited: Volcano.

You collected 2315 gold pieces.
You spent 1976 gold pieces at shops.

Inventory:

Hand Weapons
 a - a +9 trident (weapon)
 b - a +5 trident of flaming
 q - a +2 dagger of speed
 s - a +0 short sword of draining
 U - a +0 fustibalus
Missiles
 c - 4 curare-tipped darts
 d - a throwing net
 f - 555 stones (quivered)
 D - 78 sling bullets
 R - 13 poisoned darts
Armour
 g - a +2 pair of boots (worn)
 i - a scarf of resistance (worn)
 k - a +2 helmet of see invisible (worn)
 E - the +2 pair of gloves "Rafibiuv" (worn) {Int+7 Dex+5}
   (You found it on level 7 of the Dungeon)

   Int:       It affects your intelligence (+7).
   Dex:       It affects your dexterity (+5).
 K - a scarf of repulsion
 P - a +0 ring mail of cold resistance
 S - a +0 buckler of protection (worn)
 Z - a +2 chain mail of fire resistance (worn)
Jewellery
 e - the ring of Motosient (right hand) {rPois rC+}
   (You bought it in a shop on level 2 of the Orcish Mines)

   [ring of poison resistance]

   rC:        It protects you from cold.
   rPois:     It protects you from poison.
 m - the ring "Neimumum" (left hand) {Drain rPois rC+++ Dex-3 SInv, =R}
   (You bought it in a shop on level 2 of the Orcish Mines)

   [ring of see invisible]

   Dex:       It affects your dexterity (-3).
   rC:        It renders you almost immune to cold.
   rPois:     It protects you from poison.
   SInv:      It lets you see invisible.
   Drain:     It drains your maximum health when unequipped.
 J - a ring of wizardry
 M - an amulet of faith
 Q - a ring of wizardry
 T - an amulet of reflection (around neck)
 X - a ring of ice
Wands
 p - a wand of charming (5)
 O - a wand of digging (3)
Scrolls
 l - 2 scrolls of vulnerability
 F - 13 scrolls of identify {@r1}
Potions
 h - a potion of resistance
 j - a potion of flight
 t - a potion of attraction
 w - 6 potions of curing
 A - a potion of ambrosia
 C - 2 potions of brilliance
 G - 4 potions of lignification


   Skills:
 - Level 14.7 Fighting
 - Level 16.3 Polearms
 + Level 2.5(5.6) Slings
 - Level 9.5(9.8) Throwing
 - Level 6.3 Armour
 - Level 16.8 Dodging
 - Level 4.0 Shields
 - Level 12.6 Invocations
 - Level 3.0 Evocations


You had 14 spell levels left.
You didn't know any spells.
Your spell library contained the following spells:

 Spells                   Type           Power      Damage    Failure   Level
 Static Discharge         Conj/Air       0%         N/A       100%        2
 Inner Flame              Hex/Fire       0%         N/A       100%        3
 Ozocubu's Armour         Ice            0%         N/A       100%        3
 Cause Fear               Hex            0%         N/A       100%        4
 Dispel Undead            Necr           0%         3d6       100%        4
 Leda's Liquefaction      Hex/Erth       0%         N/A       100%        4
 Sticky Flame             Conj/Fire      0%         2d3       100%        4
 Lee's Rapid Deconstruct  Erth           0%         3d5*      100%        5
 Metabolic Englaciation   Hex/Ice        0%         N/A       100%        5
 Summon Forest            Summ/Tloc      0%         N/A       100%        5
 Summon Mana Viper        Hex/Summ       0%         N/A       100%        5
 Eringya's Noxious Bog    Tmut/Pois      0%         N/A       100%        6
 Simulacrum               Ice/Necr       0%         N/A       100%        6
 Statue Form              Tmut/Erth      0%         N/A       100%        6
 Summon Cactus Giant      Summ           0%         N/A       100%        6
 Summon Hydra             Summ           0%         N/A       100%        7
 Borgnjor's Revivificati  Necr           0%         N/A       100%        8
 Discord                  Hex            0%         N/A       100%        8
 Necromutation            Tmut/Necr      0%         N/A       100%        8
 Death's Door             Necr           0%         N/A       100%        9


Dungeon Overview and Level Annotations

Branches:
Dungeon (13/15)            Temple (0/1) D:5            Lair (6/6) D:9
  Swamp (0/4) Lair:4       Spider (0/4) Lair:4        Slime (0/5) Lair:6
    Orc (2/2) D:12            Elf (0/3) Orc:2       Volcano (visited)
 Vaults: D:13-14

Altars:
Nemelex Xobeh
Uskayaw
Vehumet
Yredelemnul
Zin
Beogh
Jiyva

Shops:
Orc:2 =*[*

Portals:
Pandemonium: Orc:2

Annotations:
D:5 3 runed translucent doors, bleachchugger's ghost, amateur MiBe
D:8 1 exclusion
D:10 exclusion: ice statue
D:12 exclusion: downstairs
Lair:5 exclusion: downstairs
Lair:6 1 runed translucent door
Orc:2 exclusion: upstairs


Innate Abilities, Weirdness & Mutations

((You are very nimble when in or above water. (Stealth+, EV+, Speed+++)))
Your lower body shifts to a powerful aquatic tail in water.


Message History

The unseen horror is engulfed in calcifying dust.
The deep elf knight hits you but does no damage.
The death knight offers itself to Yredelemnul, and fills with unholy energy.
The red ugly thing is engulfed in calcifying dust.
The unseen horror is engulfed in calcifying dust.
The deep elf knight hits you with a +0 long sword.
* * * LOW HITPOINT WARNING * * *
You have turned to stone.
The deep elf knight hits you with a +0 long sword!
* * * LOW HITPOINT WARNING * * *
The catoblepas gores you but does no damage.
The red ugly thing is engulfed in calcifying dust.
The deep elf knight hits you with a +0 long sword.
* * * LOW HITPOINT WARNING * * *
The manticore flicks its tail.
The volley of spikes misses the deep elf knight.
The volley of spikes hits you but does no damage.
The catoblepas gores you but does no damage.
The deep elf knight hits you with a +0 long sword.
* * * LOW HITPOINT WARNING * * *
The red ugly thing is no longer petrified.
The wizard hits you but does no damage.
The manticore flicks its tail.
The volley of spikes hits the deep elf knight!
The deep elf knight hits you with a +0 long sword!
* * * LOW HITPOINT WARNING * * *
The catoblepas gores you.
* * * LOW HITPOINT WARNING * * *
The deep elf knight is no longer moving quickly.
The deep elf knight hits you but does no damage.
The wizard gestures wildly while chanting.
The wizard blinks!
The manticore flicks its tail.
The volley of spikes hits the deep elf knight!
The catoblepas gores you but does no damage.
The phantasmal warrior gestures at you.
The phantasmal warrior blinks!
The deep elf knight hits you but does no damage.
The wizard hits you but does no damage. The catoblepas gores you!
You die...

..H.....# #######z#########
############# ###...p.........#
#............ .H.....###e####.#
#............ ..............#.#
+............ ...........W..#.##
#............ ######'###....#...
#......##.#.#
.........)..Hp######......##....
≈≈≈......)..zHe@..#..<....#..#.#
≈≈≈≈.........xYp..#######.#.....
≈≈≈≈≈..........u........#.#.....
≈≈≈≈≈..........########.#.+.....
.p###................#.#.#.....
. ##+##............#.###>....
#...#............#.........
#...#########....#####.....
#..........................


You could see a death knight (reflects damage), a catoblepas, a red ugly thing,
a skeletal warrior, 2 manticores, a deep elf knight (invisible, skewered), a
phantasmal warrior, a deep elf pyromancer, a wizard (invisible) and an unseen
horror (invisible, petrified).

Vanquished Creatures
  Jorgrun (Orc:1)
  An orc warlord (Orc:1)
  Fannar (Orc:1)
  8 hydras
  4 boulder beetles
  Erica (Orc:1)
  3 demonspawn (Orc:2)
  3 catoblepae
  4 two-headed ogres
  7 death yaks
  6 orc high priests (Orc:2)
  Sonja (D:12)
  2 bog bodies (Lair:4)
  A phantasmal warrior (D:13)
  A wizard (D:13)
  6 orc knights
  A necromancer (Lair:3)
  4 lindwurms
  5 orc sorcerers (Orc:2)
  An ugly thing (D:12)
  2 cyclopes (D:12)
  3 manticores
  7 black mambas
  5 elephants
  5 molten gargoyles (Volcano)
  A gargoyle (D:13)
  An orange demon (Orc:2)
  Maurice (D:10)
  Joseph (D:8)
  5 torpor snails (Lair:6)
  An unseen horror (D:13)
  9 cane toads
  2 efreet (Volcano)
  A kobold demonologist (D:12)
  Maggie (Lair:2)
  4 rime drakes
  An ice devil (Orc:2)
  9 komodo dragons
  A hellwing (Orc:2)
  2 trolls (Orc:2)
  3 polar bears
  4 tyrant leeches (Lair:6)
  11 hornets
  Prince Ribbit (D:8)
  8 slime creatures
  11 blink frogs
  A dream sheep (Lair:6)
  77 yaks
  2 wraiths
  A ynoxinul (Orc:2)
  5 culicivoras (Lair:4)
  Eustachio (D:4)
  5 wyverns
  2 spriggans (Lair:5)
  A steam dragon (D:9)
  5 fire elementals (Volcano)
  5 basilisks
  A chaos spawn (Orc:2)
  3 vampire mosquitoes (D:12)
  5 wargs
  4 acid dragons
  14 water moccasins
  30 orc warriors
  2 elephant zombies (Lair:3)
  5 black bears
  An ice beast (D:6)
  2 necrophages (D:5)
  2 wolves (Lair:5)
  6 centaurs
  6 ogres
  A phantom (D:5)
  3 kobold brigands
  15 bullfrogs
  A komodo dragon zombie (Lair:3)
  A gnoll sergeant (Orc:1)
  An earth elemental (Volcano)
  5 scorpions
  A water moccasin zombie (D:5)
  9 killer bees
  4 electric eels
  2 howler monkeys (D:9)
  3 centaur zombies
  A jelly (D:8)
  Crazy Yiuf (D:4)
  20 orc priests
  2 centaur skeletons (D:6)
  2 hounds
  3 iguanas
  14 orc wizards
  A killer bee zombie (D:7)
  A howler monkey skeleton (D:6)
  11 gnolls
  4 adders
  2 shadow imps
  A white imp (D:6)
  A dart slug (D:3)
  3 worms
  72 orcs
  4 bats
  3 endoplasms
  A giant cockroach (D:2)
  7 goblins
  5 hobgoblins
  6 jackals
  11 kobolds
  2 quokkas
  4 ball pythons
  3 frilled lizards (D:1)
  A rat (D:1)
  2 fire vortices (Volcano)
581 creatures vanquished.

Vanquished Creatures (others)
  A lindwurm (Lair:6)
  An orc priest (Orc:2)
  42 fungi
  108 plants
152 creatures vanquished.

Grand Total: 733 creatures vanquished

Notes
Turn   | Place    | Note
-------+----------+-------------------------------------------
     0 | D:1      | dolemite99 the Merfolk Gladiator began the quest for the
                  | Orb.
     0 | D:1      | Reached XP level 1. HP: 16/16 MP: 1/1
    13 | D:1      | Noticed a merfolk zombie
    15 | D:1      | Noticed a demonspawn zombie
    17 | D:1      | Noticed a demonspawn zombie
    19 | D:1      | Noticed a minotaur zombie
   240 | D:1      | Reached skill level 5 in Polearms
   246 | D:1      | Reached XP level 2. HP: 18/22 MP: 2/2
   954 | D:2      | Reached XP level 3. HP: 24/27 MP: 3/3
  1203 | D:2      | Found a faded altar of an unknown god.
  1221 | D:2      | Prayed at the altar of an unknown god.
  1221 | D:2      | Became a worshipper of Uskayaw the Reveller
  1221 | D:2      | Reached * piety under Uskayaw
  1443 | D:3      | Noticed a black bear
  1837 | D:3      | Reached ** piety under Uskayaw
  1842 | D:3      | Reached *** piety under Uskayaw
  1843 | D:3      | Killed a black bear
  1844 | D:3      | Reached XP level 4. HP: 28/33 MP: 4/4
  1844 | D:3      | Reached XP level 5. HP: 32/38 MP: 5/5
  2450 | D:4      | Noticed Eustachio
  3058 | D:4      | Reached XP level 6. HP: 35/44 MP: 6/6
  3354 | D:4      | Reached skill level 10 in Polearms
  3484 | D:4      | Killed Eustachio
  3485 | D:4      | Reached XP level 7. HP: 36/50 MP: 7/7
  4195 | D:4      | Found a runed translucent door.
  4196 | D:4      | Noticed Crazy Yiuf
  4205 | D:4      | Killed Crazy Yiuf
  4289 | D:5      | Entered Level 5 of the Dungeon
  4386 | D:5      | Reached **** piety under Uskayaw
  4404 | D:5      | Reached skill level 1 in Evocations
  4424 | D:5      | Reached XP level 8. HP: 48/56 MP: 8/8
  4470 | D:4      | HP: 3/60 [poisoned by a water moccasin]
  5015 | D:5      | Found a staircase to the Ecumenical Temple.
  5046 | D:5      | Found a basalt altar of Yredelemnul.
  5177 | D:5      | Found a runed translucent gate.
  5177 | D:5      | Found a runed translucent gate.
  5180 | D:5      | Found a runed translucent gate.
  5180 | D:5      | Noticed a yak
  5180 | D:5      | Noticed bleachchugger's ghost (amateur MiBe)
  5201 | D:5      | Reached skill level 1 in Invocations
  5338 | D:5      | Found a glowing silver altar of Zin.
  5656 | D:6      | Reached skill level 5 in Invocations
  5717 | D:6      | Reached XP level 9. HP: 60/67 MP: 11/13
  6375 | D:7      | Reached skill level 5 in Fighting
  7017 | D:7      | Found a sparkling altar of Nemelex Xobeh.
  7045 | D:7      | Identified the +2 pair of gloves "Rafibiuv" {Int+7 Dex+5}
  7253 | D:8      | Noticed Prince Ribbit
  7262 | D:8      | Killed Prince Ribbit
  7263 | D:8      | Reached skill level 5 in Dodging
  7669 | D:8      | Noticed Joseph
  7686 | D:8      | Killed Joseph
  7687 | D:8      | Found a flagged portal.
  8053 | D:9      | Found a staircase to the Lair.
  8072 | D:9      | Reached XP level 10. HP: 76/76 MP: 15/15
  8229 | D:10     | Entered Level 10 of the Dungeon
  8268 | D:10     | Noticed Maurice
  8582 | D:9      | Reached ***** piety under Uskayaw
  8590 | D:9      | Reached skill level 15 in Polearms
  8816 | D:9      | Identified the amulet of Contention {RegenMP Fragile Dex+3}
  8841 | D:9      | Noticed a death knight
  8860 | Lair:1   | Entered Level 1 of the Lair of Beasts
  9004 | Lair:1   | Noticed a cane toad
  9012 | Lair:1   | Killed a cane toad
  9056 | Lair:1   | Found a gate leading to a gauntlet.
  9262 | Lair:1   | Noticed a cane toad
  9286 | Lair:1   | Killed a cane toad
  9365 | Lair:1   | Reached XP level 11. HP: 86/86 MP: 16/16
 10111 | Lair:2   | Noticed a four-headed hydra
 10117 | Lair:2   | Killed a four-headed hydra
 10321 | Lair:2   | Noticed a seven-headed hydra
 10332 | Lair:2   | Killed a seven-headed hydra
 10419 | Lair:2   | Noticed a boulder beetle
 10431 | Lair:2   | Reached skill level 10 in Dodging
 10448 | Lair:2   | Killed a boulder beetle
 11031 | Lair:2   | Noticed Maggie
 11047 | Lair:2   | Killed Maggie
 11539 | Lair:3   | Reached skill level 10 in Fighting
 11569 | Lair:3   | Reached XP level 12. HP: 57/97 MP: 18/18
 12364 | Lair:3   | Reached skill level 10 in Invocations
 12741 | Lair:3   | You fall into a shaft and drop 2 floors!
 13444 | Lair:4   | Found a hole to the Spider Nest.
 13582 | Lair:4   | Noticed a death yak
 13584 | Lair:4   | Noticed a catoblepas
 13938 | Lair:3   | Noticed a death yak
 14010 | Lair:3   | Noticed a death yak
 14014 | Lair:3   | Noticed a death yak
 14019 | Lair:3   | Noticed a death yak
 14033 | Lair:2   | Killed a death yak
 14034 | Lair:2   | Reached skill level 5 in Throwing
 14357 | Lair:3   | Killed a death yak
 14358 | Lair:3   | Reached XP level 13. HP: 107/107 MP: 20/20
 15186 | Lair:4   | Reached ****** piety under Uskayaw
 15712 | Lair:4   | Found a staircase to the Swamp.
 16995 | Lair:6   | Entered Level 6 of the Lair of Beasts
 17946 | Lair:6   | Reached XP level 14. HP: 109/118 MP: 11/21
 18219 | Lair:6   | Reached skill level 15 in Dodging
 18243 | Lair:6   | Found a runed translucent door.
 18332 | Lair:6   | Paralysed by a hornet for 2 turns
 18843 | Lair:6   | Found a staircase to the Slime Pits.
 18843 | Lair:6   | Found a viscous altar of Jiyva.
 19594 | Lair:6   | Noticed a dire elephant
 19950 | Lair:6   | Identified the +6 short sword of Purpose {speed, rPois
                  | Str+3}
 20714 | D:10     | Killed Maurice
 21841 | D:11     | Reached skill level 1 in Shields
 22040 | D:12     | Found a gateway to a bazaar.
 22123 | Bazaar   | Entered a bazaar
 22123 | Bazaar   | Found Doych's Weapon Boutique.
 22123 | Bazaar   | Found Qomiunif's Antique Weapon Shop.
 22123 | Bazaar   | Found Civiomun's Antique Armour Shop.
 22140 | Bazaar   | Bought a glowing cloak for 165 gold pieces
 22143 | Bazaar   | Bought a runed helmet for 165 gold pieces
 22160 | Bazaar   | Bought 5 curare-tipped darts for 39 gold pieces
 22162 | Bazaar   | Bought a runed trident for 136 gold pieces
 22182 | D:12     | Noticed Sonja
 22184 | D:12     | Killed Sonja
 22627 | D:12     | Found a staircase to the Orcish Mines.
 23110 | D:12     | Reached XP level 15. HP: 121/127 MP: 24/24
 23310 | Orc:1    | Entered Level 1 of the Orcish Mines
 23477 | Orc:1    | Noticed Fannar
 23513 | Orc:1    | Killed Fannar
 23611 | Orc:1    | Found a dark tunnel.
 23620 | Volcano  | Entered a volcano
 24363 | Orc:2    | Entered Level 2 of the Orcish Mines
 24450 | Orc:2    | Noticed an orc warlord
 24470 | Orc:1    | Killed an orc warlord
 24471 | Orc:1    | Reached skill level 1 in Armour
 24674 | Orc:1    | Noticed Jorgrun
 24688 | Orc:1    | Killed Jorgrun
 25017 | Orc:1    | Noticed Erica
 25030 | Orc:1    | Killed Erica
 25556 | Orc:2    | Found a staircase to the Elven Halls.
 26460 | Orc:1    | Found a radiant altar of Vehumet.
 26460 | Orc:1    | Noticed an orc warlord
 26645 | Orc:2    | Found Waodd's General Store.
 26751 | Orc:2    | Found Wotag's General Store.
 26846 | Orc:2    | Bought a scroll of teleportation for 42 gold pieces
 26846 | Orc:2    | Bought a potion of curing for 42 gold pieces
 26846 | Orc:2    | Bought a wand of acid (6) for 280 gold pieces
 26848 | Orc:2    | Bought a wand of iceblast (5) for 108 gold pieces
 27319 | Orc:2    | Reached skill level 5 in Armour
 27566 | Orc:2    | Paralysed by an orc sorcerer for 5 turns
 27599 | Orc:2    | Paralysed by an orc sorcerer for 6 turns
 28115 | Orc:2    | Found Osov's Jewellery Emporium.
 28115 | Orc:2    | Found Jous's Antique Armour Shoppe.
 28116 | Orc:2    | Found a one-way gate leading to the halls of Pandemonium.
 28270 | Orc:2    | Bought the ring of Motosient {rPois rC+} for 408 gold
                  | pieces
 28277 | Orc:2    | Bought the ring "Neimumum" {Drain rPois rC+++ Dex-3 SInv}
                  | for 591 gold pieces
 28451 | D:13     | Reached skill level 1 in Slings
 29096 | D:13     | HP: 3/127 [deep elf knight (7)]
 29098 | D:13     | Slain by a catoblepas

Illustrated notes

Levels and vault maps discovered:
D:1:      shiori_arrival_whats_in_store_for_you, layout_loops_ring,
          serial_bayou_lagoon_b
D:2:      layout_rooms, hellmonk_ecumenical_altar_defaced_shrine,
          corexii_item_surrounded_by_moat
D:3:      layout_rooms
D:4:      layout_layer_cave, uniq_eustachio, uniq_crazy_yiuf_cottage
D:5:      layout_rooms, jmf_multi_god_temple, minmay_temple_entry_statues,
          gammafunk_ghost_split, minmay_misc_feat_plants
D:6:      layout_basic
D:7:      layout_loops_ring, kennysheep_mini_moat
D:8:      layout_rooms, tgw_sif, enter_bailey_3, uniq_joseph,
          uniq_prince_ribbit1
D:9:      layout_roguey, erik_lair_orcish_takeover, gammafunk_ghost_hydra_chop
D:10:     layout_roguey, minivault_16, uniq_maurice
D:11:     layout_cave_pools
D:12:     layout_small_grid, david_orc_5, serial_shops, bzr_entry_lakeside,
          uniq_sonja
D:13:     nzn_motion_control, layout_gridville, grunt_vaults_entry_fortified,
          serial_co_window_serial, co_window_corner_a, co_window_corner_a,
          co_window_paths_a, co_window_corner_a, co_window_of_opportunity_a,
          co_window_paths_c, co_window_broadway_b, co_window_of_opportunity_c,
          co_window_broadway_b, co_window_2corner, co_window_unsneaky_path_a,
          glass_columns_b, glass_columns_a, glass_columns_b, uniq_snorg
Lair:1:   layout_cave_pods, gauntlet_entry_generic
Lair:2:   layout_gridlike, grunt_megastairs_5, serial_bayou_shore_a,
          serial_bayou_shore_b, lemuel_fruit_fields, uniq_maggie
Lair:3:   pond_and_an_island_with_a_cottage, layout_regular_city,
          grunt_megastairs_3, infiniplex_staircase_pool
Lair:4:   layout_long_grid, skrybe_swamp_entry_bodies,
          hellmonk_spider_entry_life_and_decay, nicolae_lair_yak_garden
Lair:5:   wad_woods_tower, layout_cave_pods
Lair:6:   hangedman_lair_in_review, layout_regular_city, wormcave, slime_altar_1
Orc:1:    cheibrodos_orc_arena, layout_caves, enter_volcano_1, basic_altar,
          uniq_jorgrun, uniq_erica, uniq_fannar, uniq_harold
Orc:2:    pf_orc_diabolical, layout_diamond_mine

Skill      XL: |  1  2  3  4  5  6  7  8  9 10 11 12 13 14 15 |
---------------+----------------------------------------------+-----
Polearms       | 5 6 8 9 11 12 14 16 | 16.3
Evocations     | 2 3 |  3.0
Throwing       | 3 5 9 |  9.5
Fighting       | 4 6 7 10 11 13 14 | 14.7
Invocations    | 5 6 9 10 12 | 12.6
Dodging        | 6 8 11 13 14 16 | 16.8
Shields        | 4 |  4.0
Armour         | 6 |  6.3
Slings         | 2 |  2.5

Action                   |  1- 3 |  4- 6 |  7- 9 | 10-12 | 13-15 || total
-------------------------+-------+-------+-------+-------+-------++-------
Melee: Trident           |   123 |   102 |   275 |   502 |  1186 ||  2188
       Punch             |       |       |     6 |     5 |    13 ||    24
       Tailslap          |       |       |       |     3 |       ||     3
Throw: Throwing net      |     2 |     2 |       |       |     4 ||     8
       Dart              |       |       |       |    31 |   255 ||   286
       Boomerang         |       |       |       |     2 |   129 ||   131
       Stone             |       |       |       |       |     8 ||     8
Invok: Stomp             |       |       |       |     4 |    52 ||    56
Evoke: Wand              |       |       |    19 |    32 |    42 ||    93
  Use: Scroll            |       |    10 |    11 |    12 |    16 ||    49
       Potion            |       |       |     1 |     2 |    12 ||    15
 Stab: Sleeping          |     1 |     1 |       |       |     2 ||     4
       Paralysed         |     1 |     1 |    10 |    54 |    70 ||   136
       Distracted        |       |       |       |     1 |       ||     1
       Petrifying        |       |       |       |     1 |       ||     1
       Held in net/web   |       |       |       |       |     3 ||     3
Armor: Leather armour    |    31 |    13 |       |       |       ||    44
       Ring mail         |       |     8 |     1 |       |       ||     9
       Scale mail        |       |       |    90 |    48 |       ||   138
       Acid dragon scale |       |       |       |    35 |    89 ||   124
       Chain mail        |       |       |       |       |   122 ||   122
Dodge: Dodged            |    76 |    44 |   126 |   213 |   484 ||   943
Block: Buckler           |       |       |       |       |   181 ||   181
       Reflection        |       |       |       |       |    14 ||    14
